 Dungeon Crawl Stone Soup version 0.31-a0-532-g28f74ba3e5 (webtiles) character file.

Game seed: 11161728298223343466

331 oldmanjim the Vexing (level 6, -1/34 HPs)
             Began as a Deep Elf Hexslinger on Aug 12, 2023.
             Slain by an orc
             ... wielding a +2 short sword of venom
              (5 damage)
             ... on level 3 of the Dungeon.
             The game lasted 00:11:54 (1906 turns).

oldmanjim the Vexing (Deep Elf Hexslinger)          Turns: 1906, Time: 00:11:54

Health: -1/34      AC:  4    Str:  5    XL:     6   Next: 26%
Magic:  13/14      EV: 15    Int: 18    God:
Gold:   178        SH:  0    Dex: 25    Spells: 12/13 levels left

rFire   . . .        a - +1 sling
rCold   . . .        (no shield)
rNeg    . . .        c - +0 robe
rPois   .            s - +0 helmet
rElec   .            r - +0 cloak
rCorr   .            (no gloves)
SInv    .            (no boots)
Will    .....        (no amulet)
Stlth   ++           g - +6 ring of dexterity
HPRegen 0.25/turn    (no ring)
MPRegen 0.14/turn

%: no passive effects
@: lethally poisoned (-1 -> -22), about to teleport, hasted, very quick
A: no striking features
a: no special abilities


You were on level 3 of the Dungeon.
You visited 1 branch of the dungeon, and saw 3 of its levels.

You collected 178 gold pieces.

Inventory:

Hand Weapons
 a - a +1 sling (weapon)
Missiles
 d - 29 stones
Armour
 c - a +0 robe (worn)
 r - a +0 cloak (worn)
 s - a +0 helmet (worn)
Magical Staves
 i - a staff of cold
Jewellery
 g - a +6 ring of dexterity (left hand)
Wands
 p - a wand of charming (3)
Scrolls
 b - 2 scrolls of poison
 e - a scroll of blinking {unknown}
 f - 2 scrolls of noise {unknown}
 j - a scroll of immolation {unknown}
 k - a scroll of teleportation
 n - a scroll of enchant weapon {unknown}
 o - a scroll of fog {unknown}
 u - 2 scrolls of identify {unknown}
Potions
 h - 2 potions of brilliance {unknown}
 l - a potion of might {unknown}
 m - 2 potions of haste
 q - a potion of curing {unknown}
 t - a potion of berserk rage {unknown}


   Skills:
 - Level 1.0 Fighting
 + Level 5.0 Ranged Weapons
 + Level 4.4 Dodging
 + Level 4.3 Spellcasting
 + Level 5.7 Hexes


You had 12 spell levels left.
You knew the following spells:

 Your Spells              Type           Power      Damage    Failure   Level
a - Slow                  Hex            96%        N/A       1%          1

Your spell library contained the following spells:

 Spells                   Type           Power      Damage    Failure   Level
 Inner Flame              Hex/Fire       14%        N/A       13%         3
 Portal Projectile        Hex/Tloc       28%        N/A       13%         3
 Cause Fear               Hex            12%        N/A       13%         4
 Apportation              Tloc           6%         N/A       14%         1
 Necrotise                Necr           12%        1d4       14%         1
 Summon Small Mammal      Summ           12%        N/A       14%         1
 Lesser Beckoning         Tloc           6%         N/A       22%         2
 Gell's Gravitas          Tloc           3%         N/A       38%         3
 Teleport Other           Tloc           3%         N/A       38%         3


Dungeon Overview and Level Annotations

Branches:
Dungeon (3/15)

Altars:
Ru
Trog


Message History

The orc barely misses you. The orc closely misses you. The adder bites you.
Aiming: Charm
Press: ? - help, Shift-Dir - straight line, f - adder, p - orc
Aim: an adder (lightly wounded, chance to affect: 57%)
The adder resists with significant effort.
The orc shouts!
You feel sick. The adder barely misses you. The orc barely misses you. x2
Aiming: Charm
Press: ? - help, Shift-Dir - straight line, f/p - adder
Aim: an adder (lightly wounded, chance to affect: 57%)
The adder is charmed.
You feel sick.
You are no longer poisoned.
The orc completely misses you. The orc barely misses you.
Casting: Slow (safe; 1% risk of failure)
Confirm with . or Enter, or press ? or * to list all spells.
Aiming: Slow (safe; 1% risk of failure)
Press: ? - help, Shift-Dir - straight line, f - orc, p - adder
Aim: an orc, wielding a +0 whip and wearing a +0 ring mail (chance to affect: 72%)
The orc seems to slow down.
The orc hits you with a +2 short sword of venom.
You are poisoned.
The orc hits you but does no damage.
You shoot a sling bullet.
The sling bullet closely misses the orc.
You feel sick.
The orc hits you with a +2 short sword of venom.
You are lethally poisoned!
The orc misses you.
You are too injured to fight recklessly!
As you read the scroll labelled MIOCHO HEZAJY, it crumbles to dust.
You feel strangely unstable.
It was a scroll of teleportation.
You feel very sick.
The orc hits you with a +2 short sword of venom.
* * * LOW HITPOINT WARNING * * *
You are more poisoned.
It was a potion of haste.
You feel yourself speed up.
* * * LOW HITPOINT WARNING * * *
You feel very sick.
The orc hits you with a +2 short sword of venom.
You die...

..##.#####......##.....##
#.##.........#.#.....#..# #
#.####..##.#...#.###....### .#
#.##.......# .##. ####.).###.#
#..#.#...#.# .#.. #.......###
.......###.##...# ###.#.....#
.#.##..........# #........
##.##.....##...##########........
#.#...........S@ooo...##........
#..........#..o######...........
##.........#..... ####........
#.........#..# #........
#............# ##.......
#.........#..# ##......
##.......##...# ......^....#.
#......<).#...... .........#.#
#................#.........#...


You could see 4 orcs and a friendly adder (charmed).

Vanquished Creatures
  A black bear (D:2)
  An ogre (D:2)
  6 gnolls (D:3)
  2 adders (D:2)
  2 worms (D:2)
  3 dart slugs
  5 orcs (D:3)
  7 ball pythons
  7 bats
  6 endoplasms
  2 giant cockroaches (D:1)
  A goblin (D:2)
  4 hobgoblins
  4 kobolds
  2 quokkas (D:1)
  5 frilled lizards
  7 rats
65 creatures vanquished.

Notes
Turn   | Place    | Note
-------+----------+-------------------------------------------
     0 | D:1      | oldmanjim the Deep Elf Hexslinger began the quest for the
                  | Orb.
     0 | D:1      | Reached XP level 1. HP: 11/11 MP: 5/5
    52 | D:1      | Reached skill level 1 in Fighting
    87 | D:1      | Reached XP level 2. HP: 16/16 MP: 6/6
   142 | D:1      | Found a faded altar of an unknown god.
   393 | D:1      | Reached XP level 3. HP: 14/20 MP: 8/8
   833 | D:2      | Noticed an ogre
   900 | D:2      | Killed an ogre
   901 | D:2      | Reached skill level 5 in Hexes
   901 | D:2      | Reached XP level 4. HP: 23/25 MP: 8/11
   948 | D:2      | Reached XP level 5. HP: 28/29 MP: 12/12
  1056 | D:2      | Noticed a black bear
  1078 | D:2      | Killed a black bear
  1148 | D:2      | Found a sacrificial altar of Ru.
  1524 | D:3      | Reached XP level 6. HP: 34/34 MP: 14/14
  1588 | D:3      | Found a bloodstained altar of Trog.
  1862 | D:3      | Reached skill level 5 in Ranged Weapons
  1906 | D:3      | Slain by an orc

Illustrated notes

Levels and vault maps discovered:
D:1:      spicycebolla_green_bress_n_ham, layout_basic, basic_ecumenical_altar,
          minmay_hexomino_f4
D:2:      layout_rooms, basic_altar, minmay_crystal_water, dk_vineyard_1
D:3:      layout_rooms, bloody_trog

Skill      XL: |  1  2  3  4  5  6 |
---------------+-------------------+-----
Fighting       | 1 |  1.0
Ranged Weapons | 3 4 5 |  5.0
Spellcasting   | 2 3 4 |  4.3
Dodging        | 3 4 |  4.4
Hexes          | 5 |  5.7

Action                     |  1- 3 |  4- 6 || total
---------------------------+-------+-------++-------
   Fire: Sling             |    70 |    99 ||   169
   Cast: Slow              |     9 |    26 ||    35
  Evoke: Wand              |       |     3 ||     3
    Use: Scroll            |       |     1 ||     1
         Potion            |       |     1 ||     1
 Armour: Robe              |     8 |     5 ||    13
  Dodge: Dodged            |    16 |    33 ||    49

Table legend: (Time is in decaauts)
 A = Elapsed time spent in this place.
 B = Non-inter-level travel time spent in this place.
 C = Inter-level travel time spent in this place.
 D = Time resting spent in this place.
 E = Time spent auto-exploring this place.
 F = Levels seen in this place.
 G = Mean time per level.
                   A        B        C        D        E       F      G
               +--------+--------+--------+--------+--------+-----+--------+
         Total |   1940 |   1858 |     82 |     29 |   1373 |   3 |  646.7 |
       Dungeon |   1940 |   1858 |     82 |     29 |   1373 |   3 |  646.7 |
               +--------+--------+--------+--------+--------+-----+--------+

Top non-repeatable levels by time:
     D:2: 775 daAuts
     D:1: 740 daAuts
     D:3: 424 daAuts
